Unix NetHack Version 5.0.0-0 post-release - last build Jun 10 2026 00:39:30 (3ee93aec679c4c4259841fe613dc97188e26a321,branch:main).

Game began 2026-07-01 03:18:18, ended 2026-07-02 07:35:14.

JohnDarcy, neutral male human Tourist

                                                               --------
                                                 ---------     |......|
                  -------------                 #........|     |(.<...|
                  |...{.......|                 #|.*>...*|#####.....[.|
                  |............                 #-......%.#    --------
                  |...........|                 #---------
                1 .......%....|                 ##
                  --B----------                 ###
                    @#                          # #
                     H                          # ##
                     #                          ####
                     ##              --------------#
                     -.----------   #........"....|#
                     |...........####|............|#
                     |..........|    |.......(.....d##
                     |........*.|    |............|
                     |..........|    |............|
                     ------------    --------------

JohnDarcy the Excursionist  St:15 Dx:13 Co:18 In:15 Wi:13 Ch:18  Neutral
Dlvl:7  $:0  HP:0(73) Pw:36(36) AC:-7 Xp:9 T:15945  Burdened

Latest messages:
 The vampire bat bites!
 The vampire bat bites again!
 The vampire bat misses!
 The vampire bat bites!
 You hit the ape.
 The ape misses!
 The ape misses!
 The ape misses!
 You hit the ape.
 The ape hits!
 The ape hits again!
 The ape bites!
 You hit the ape.
 The ape just misses!
 The ape misses!
 The ape bites!
 You hit the ape.
 You hit the ape.
 The ape hits!
 The ape hits again!
 The ape misses!
 You hit the ape.
 The ape misses!
 The ape hits!
 The ape bites!
 You hit the ape.
 The ape hits!
 The ape hits again!
 The ape misses!
 You kill the ape!
 You hit the vampire bat.
 You hit the vampire bat!
 The minotaur hits!
 The minotaur hits again!
 The minotaur just misses!
 The vampire bat misses!
 The vampire bat misses!
 The vampire bat just misses!
 The vampire bat bites!
 What do you want to zap? [efoux-zACNOR or ?*] C
 In what direction? .
 You materialize in the same location!
 The minotaur hits!
 The minotaur hits again!
 You die...
 Do you want your possessions identified? [ynq] (y) y
 Do you want to see your attributes? [ynq] (y) y
 Do you want an account of creatures vanquished? [ynaq] (y) y
 Do you want to see your conduct and achievements? [ynq] (y) y
 Do you want to see the dungeon overview? [ynq] (y) y

Inventory:
 Weapons  (')')
  a - 7 +2 darts (at the ready)
  d - a blessed +1 dagger (weapon in left hand)
  m - 6 +0 daggers
 Armor    ('[')
  W - a blessed +0 helm of caution (being worn)
  V - an uncursed +0 pair of leather gloves (being worn)
  U - a blessed +1 pair of iron shoes (being worn)
  t - a cursed +0 pair of water walking boots
  T - an uncursed +0 orcish shield (being worn)
  X - an uncursed +2 cloak of magic resistance (being worn)
  Z - an uncursed +2 Hawaiian shirt with a flamingo motif (being worn)
  Y - an uncursed +1 elven mithril-coat (being worn)
 Scrolls  ('?')
  L - 2 uncursed scrolls of confuse monster
  B - a cursed scroll of create monster
  v - a cursed scroll of genocide
  E - a cursed scroll of magic mapping
  w - a blessed scroll of taming
 Potions  ('!')
  F - a cursed potion of blindness
  H - a cursed potion of gain level
  J - a cursed potion of levitation
  K - a cursed potion of monster detection
  M - an uncursed potion of sleeping
  I - a potion of unholy water
 Rings    ('=')
  Q - a cursed ring of conflict
  P - a cursed ring of shock resistance
  q - an uncursed ring of slow digestion (on left hand)
 Wands    ('/')
  e - a wand of cancellation (0:6)
  u - a wand of cancellation (0:6)
  N - a wand of digging (0:8)
  x - a wand of digging (0:6)
  z - a wand of fire (0:0)
  O - a wand of light (0:12)
  o - a wand of magic missile (0:8)
  y - a wand of make invisible (0:4)
  A - a wand of secret door detection (0:10)
  R - a cursed wand of sleep (0:8)
  f - a cursed wand of sleep (0:6)
  C - a wand of teleportation (0:1)
 Tools    ('(')
  s - an uncursed sack containing 22 items
  b - an uncursed blindfold
  c - an expensive camera (0:41)
  D - a magic marker (0:20)
  g - a cursed magic marker (0:12)
  S - a blessed oil lamp
  k - an uncursed skeleton key
  G - an uncursed stethoscope

Contents of the sack:
  3261 gold pieces
  3 uncursed Pineapples
  an uncursed banana
  2 uncursed cream pies
  4 uncursed food rations
  an uncursed melon
  an uncursed tripe ration
  3 uncursed lichen corpses
  3 uncursed scrolls of food detection
  an uncursed scroll of gold detection
  a blessed scroll of light
  an uncursed potion of gain energy
  an uncursed potion of levitation
  an uncursed potion of see invisible
  3 potions of holy water
  an uncursed potion of water
  an uncursed ring of aggravate monster
  an uncursed ring of fire resistance
  an uncursed ring of polymorph
  an uncursed ring of polymorph
  a +0 pick-axe
  an uncursed partly used wax candle

JohnDarcy the Tourist's attributes:

Background:
 You were an Excursionist, a level 9 male human Tourist.
 You were neutral, on a mission for The Lady
 who was opposed by Blind Io (lawful) and Offler (chaotic).
 You were left-handed.
 You were in the Dungeons of Doom, on level 7.
 You entered the dungeon 15945 turns ago.
 There was a full moon in effect when your adventure ended.
 You had 3272 experience points, 1848 more were needed to attain level 10.

Basics:
 You had 0 out of 73 hit points.
 You had all 36 energy points (spell power).
 Your armor class was -7.
 Your wallet was empty, but
 you had 3261 zorkmids stashed away in your pack.
 Autopickup was off.

Final Characteristics:
 Your strength was 15 (limit:18/100).
 Your dexterity was 13 (limit:18).
 Your constitution was 18 (limit:18).
 Your intelligence was 15 (limit:18).
 Your wisdom was 13 (limit:18).
 Your charisma was 18 (limit:18).

Final Status:
 You weren't hungry.
 You were burdened; movement was slightly slowed.
 You were wielding a dagger.
 You had basic skill with dagger and could have enhanced that.

Final Attributes:
 You were piously aligned.
 You were magic-protected.
 You could recognize detrimental food.
 You were telepathic.
 You were warned.
 You had slower digestion.
 You were guarded.
 You were fast.
 You were lucky.
 You are dead.

Miscellaneous:
 You encountered 2 bones levels.
 Total elapsed playing time was 4 hours, 13 minutes and 3 seconds.

Major events:
 Turn
    1: JohnDarcy the neutral male human Tourist entered the dungeon
 1042: attained the rank of Sightseer (level 3)
 1631: entered the Gnomish Mines
 7800: attained the rank of Excursionist (level 6)
 9455: entered Sokoban
 9816: completed 1st Sokoban level
10185: completed 2nd Sokoban level
10551: completed 3rd Sokoban level
13852: reached Mine Town
15945: killed by a chameleon imitating a minotaur

You didn't know any spells.

Skills:
 Fighting Skills
   bare handed combat [Unskilled]
   two weapon combat  [Unskilled]
   riding             [Unskilled]
 Weapon Skills
   dagger             [Basic]
   knife              [Unskilled]
   axe                [Unskilled]
   pick-axe           [Unskilled]
   short sword        [Unskilled]
   broadsword         [Unskilled]
   long sword         [Unskilled]
   two-handed sword   [Unskilled]
   saber              [Unskilled]
   mace               [Unskilled]
   morning star       [Unskilled]
   flail              [Unskilled]
   hammer             [Unskilled]
   quarterstaff       [Unskilled]
   polearms           [Unskilled]
   spear              [Unskilled]
   trident            [Unskilled]
   lance              [Unskilled]
   bow                [Unskilled]
   sling              [Unskilled]
   crossbow           [Unskilled]
   dart               [Basic]
   shuriken           [Unskilled]
   boomerang          [Unskilled]
   whip               [Unskilled]
   unicorn horn       [Unskilled]
 Spellcasting Skills
   divination spells  [Unskilled]
   enchantment spells [Unskilled]
   escape spells      [Unskilled]

Voluntary challenges:
 Character rerolling was not enabled.
 You never genocided any monsters.
 You never polymorphed an object.
 You never changed form.
 You used no wishes.
 You did not violate any of the special Sokoban rules.
Achievements:
 You entered a shop.
 You attained the rank of Sightseer.
 You entered the Gnomish Mines.
 You attained the rank of Excursionist.
 You entered Sokoban.
 You entered Minetown.
 You entered a temple.

 The Dungeons of Doom: levels 1 to 10
    Level 1:
       An altar to The Lady.
    Level 2:
       A general store, an altar.
    Level 3:
       An armor shop, a fountain.
    Level 4:
       A general store, an altar to The Lady, a fountain.
       Stairs down to The Gnomish Mines.
    Level 5:
    Level 6:
       A fountain.
    Level 7: <- You were here.
       A fountain.
       Final resting place for
          you, killed by a chameleon imitating a minotaur,
          twright0-Wiz-Elf-Fem-Cha, killed by a soldier ant.
    Level 8:
       A throne, a fountain.
    Level 9:
    Level 10:
       A throne.
       Stairs up to Sokoban, level 9.
 The Gnomish Mines: levels 5 to 7
    Level 5:
       A grave.
       Final resting place for
          TTT5-Wiz-Hum-Fem-Cha, killed by a little dog.
    Level 6:
    Level 7:
       Many shops, a temple and an altar, some fountains.
 Sokoban: levels 9 up to 6
    Level 6:
       Unsolved.
    Level 7:
       Solved.
    Level 8:
       Solved.
    Level 9:
       Solved.


Vanquished creatures:
  a purple worm
  a ghost
  2 flesh golems
  a large mimic
  3 small mimics
  a xan
  a djinni
  a freezing sphere
  a tengu
  a pit viper
  a wraith
 an amorous demon
  a chameleon
  a crocodile
  a giant beetle
  2 leprechauns
 an iron piercer
  a horse
  2 vampire bats
  2 gnome rulers
  2 lizards
  a dingo
  a dog
  a jaguar
  a gnome mummy
  a snake
  3 apes
  a human zombie
  2 soldier ants
  a bugbear
 20 Mordor orcs
 an orc shaman
  5 rock piercers
  a rock mole
  2 fog clouds
  2 yellow lights
  a shrieker
  4 gnome leaders
  4 gnomish wizards
  a gray ooze
  4 elf zombies
  2 giant ants
  a little dog
  4 floating eyes
  a kitten
  5 dwarves
  6 homunculi
  a kobold leader
  7 hill orcs
  4 rothes
  a rabid rat
  3 centipedes
  7 giant bats
  a monkey
  2 orc zombies
  a dwarf zombie
  2 wererats
  7 iguanas
  4 acid blobs
  2 coyotes
  3 gas spores
  4 hobbits
  4 manes
  a large kobold
  2 hobgoblins
 10 giant rats
  9 cave spiders
  2 brown molds
  4 yellow molds
  2 green molds
  2 red molds
  8 gnomes
  2 Keystone Kops
  3 gnome zombies
 11 geckos
 14 jackals
  2 foxes
  4 kobolds
  3 goblins
  4 sewer rats
 17 grid bugs
  a bat
  7 lichens
  4 kobold zombies
 12 newts
281 creatures vanquished.

No species were genocided or became extinct.

Game over:
                       ----------
                      /          \
                     /    REST    \
                    /      IN      \
                   /     PEACE      \
                  /                  \
                  |    JohnDarcy     |
                  |     3261 Au      |
                  |   killed by a    |
                  |    chameleon     |
                  |   imitating a    |
                  |     minotaur     |
                  |       2026       |
                 *|     *  *  *      | *
        _________)/\\_//(\/(/\)/\//\/|_)_______

Aloha JohnDarcy the Tourist...

You died in The Dungeons of Doom on dungeon level 7 with 14193 points,
and 3261 pieces of gold, after 15945 moves.
You were level 9 with a maximum of 73 hit points when you died.

